 Dungeon Crawl Stone Soup version 0.30-a0-509-gd016549fea (webtiles) character file.

Game seed: 9086470104762222237

797 xzight the Trooper (level 7, -8/75 HPs)
             Began as an Ogre Fire Elementalist on Dec 22, 2022.
             Killed by divine providence
             ... invoked by an orc priest
              (14 damage)
             ... on level 5 of the Dungeon.
             The game lasted 00:14:33 (6152 turns).

xzight the Trooper (Ogre Fire Elementalist)         Turns: 6152, Time: 00:14:33

Health: -8/75      AC:  5    Str: 13    XL:     7   Next: 89%
Magic:  5/13       EV:  9    Int: 18    God:
Gold:   230        SH:  0    Dex:  9    Spells: 11/14 levels left

rFire   . . .      SeeInvis .    f - +1 dagger (vorpal)
rCold   . . .      Faith    .    (no shield)
rNeg    . . .      Spirit   .    m - +2 robe {Will+}
rPois   .          Reflect  .    (helmet restricted)
rElec   .          Harm     .    (no cloak)
rCorr   .          Rampage  .    (gloves unavailable)
Will    +....                    (boots unavailable)
Stlth   +.........               (no amulet)
HPRegen 0.32/turn                (no ring)
MPRegen 0.13/turn                (no ring)

@: attractive
A: large, unfitting armour, tough skin 1
a: no special abilities


You were on level 5 of the Dungeon.
You visited 1 branch of the dungeon, and saw 5 of its levels.
You also visited: Sewer.

You collected 230 gold pieces.


Innate Abilities, Weirdness & Mutations

You are too large for most types of armour.
You have tough skin. (AC +1)


   Skills:
 * Level 6.1 Fighting
 - Level 1.7 Dodging
 - Level 1.4 Stealth
 + Level 4.4 Spellcasting
 + Level 3.1 Conjurations
 * Level 5.2 Fire Magic


You had 11 spell levels left.
You knew the following spells:

 Your Spells              Type           Power      Damage    Failure   Level
a - Foxfire               Conj/Fire      76%        2x1d7     2%          1
b - Scorch                Fire           46%        2d7       2%          2

Your spell library contained the following spells:

 Spells                   Type           Power      Damage    Failure   Level
 Inner Flame              Hex/Fire       13%        N/A       14%         3
 Kindle Blastsparks       Fire/Tloc/Air  20%        2d11      21%         3
 Ensorcelled Hibernation  Hex/Ice        8%         N/A       22%         2
 Passwall                 Tmut/Erth      3%         N/A       22%         2
 Flame Wave               Conj/Fire      19%        2d7       26%         4
 Call Canine Familiar     Summ           4%         N/A       38%         3
 Gell's Gravitas          Tloc           4%         N/A       38%         3
 Lesser Beckoning         Tloc           8%         N/A       38%         3
 Portal Projectile        Hex/Tloc       8%         N/A       38%         3
 Swiftness                Air            4%         N/A       38%         3
 Teleport Other           Tloc           4%         N/A       38%         3
 Leda's Liquefaction      Hex/Erth       2%         N/A       80%         4
 Summon Ice Beast         Ice/Summ       4%         N/A       80%         4
 Summon Mana Viper        Hex/Summ       4%         N/A       98%         5
 Monstrous Menagerie      Summ           2%         N/A       100%        7

Inventory:

Hand Weapons
 f - a +1 vorpal dagger (weapon)
Armour
 m - a +2 robe of willpower (worn)
Jewellery
 n - an amulet of faith {!P}
Wands
 d - a wand of mindburst (20)
 r - a wand of charming (6)
Scrolls
 a - a scroll of teleportation {@r2}
 i - a scroll of magic mapping
Potions
 g - a potion of brilliance
 p - a potion of might

Dungeon Overview and Level Annotations

Branches:
Dungeon (5/15)              Sewer (visited)
 Temple: D:4-7

Altars:
Yredelemnul

Shops:
D:2 *

Annotations:
D:5 exclusion: ogre, Eustachio

#....# #. .....# #.
#.....# #> ......# #.
##################......#
#.
.................#...##.#
#.
................o††.....#
#.
##.......#######{###.####
#. #^#####.# #@# #. . #.#
#.# #. ## #.# #.# #. #.#
#.# #. #.#######.# #.
#.........# #.
#........## #.
#........####.# #.
#.............# #.


You could see an orc priest.


Message History

The iguana is heavily wounded.
Something hits you.
* * * LOW HITPOINT WARNING * * *
The orc priest miscasts a cantrip.
Something hits you but does no damage.
Casting: Scorch (safe; 2% risk of failure)
Confirm with . or Enter, or press ? or * to list all spells.
Flames lash the iguana.
The iguana is burned terribly!
The iguana is almost dead.
Something hits you.
* * * LOW HITPOINT WARNING * * *
Something hits you.
* * * LOW HITPOINT WARNING * * *
Casting: Scorch (safe; 2% risk of failure)
Confirm with . or Enter, or press ? or * to list all spells.
Flames lash the iguana.
The iguana is burned terribly!
You kill the iguana!
You hear a shout!
Something hits you.
* * * LOW HITPOINT WARNING * * *
Something hits you.
* * * LOW HITPOINT WARNING * * *
Casting: Scorch (safe; 2% risk of failure)
Confirm with . or Enter, or press ? or * to list all spells.
Flames lash something.
Something hits you but does no damage.
You hear some strange, mumbled words.
Something tries to affect you, but you resist.
The orc priest calls down the wrath of Beogh upon you.
Beogh smites you!
You die...

Skill      XL: |  1  2  3  4  5  6  7 |
---------------+----------------------+-----
Conjurations   | 1 2 3 |  3.1
Fighting       | 1 2 3 4 5 6 |  6.1
Fire Magic     | 3 4 5 |  5.2
Spellcasting   | 3 4 |  4.4
Dodging        | |  1.7
Stealth        | |  1.4

Action                   |  1- 3 |  4- 6 |  7- 9 || total
-------------------------+-------+-------+-------++-------
Melee: Dagger            |     6 |    10 |       ||    16
 Cast: Foxfire           |    77 |   117 |    25 ||   219
       Scorch            |     4 |    22 |    29 ||    55
  Use: Scroll            |     3 |     2 |    13 ||    18
       Potion            |       |     5 |     5 ||    10
Armor: Robe              |    11 |    37 |    10 ||    58
Dodge: Dodged            |    19 |    46 |    42 ||   107

Levels and vault maps discovered:
D:1:      saegor_arrival_simple_c, layout_rooms
D:2:      layout_basic, serial_shops, shop, hangedman_feature_mirror
D:3:      layout_rooms, gup_sewer_entry_glass, kennysheep_generic_room_7
D:4:      layout_loops_ring, minmay_distorted, uniq_blork_the_orc
D:5:      layout_basic, lemuel_doored_altar, uniq_ijyb, uniq_eustachio

Notes
Turn   | Place    | Note
-------+----------+-------------------------------------------
     0 | D:1      | xzight the Ogre Fire Elementalist began the quest for the
                  | Orb.
     0 | D:1      | Reached XP level 1. HP: 16/16 MP: 3/3
    74 | D:1      | Reached skill level 1 in Conjurations
   151 | D:1      | Reached skill level 1 in Fighting
   178 | D:1      | Reached XP level 2. HP: 27/27 MP: 2/5
   181 | D:1      | Learned a level 2 spell: Scorch
   428 | D:1      | Reached skill level 3 in Fire Magic
   742 | D:1      | Reached XP level 3. HP: 35/35 MP: 1/7
  1229 | D:2      | Reached skill level 2 in Fighting
  1697 | D:2      | Reached XP level 4. HP: 44/44 MP: 4/8
  1784 | D:2      | Found Gacitt's General Store.
  2186 | D:3      | Found a glowing drain.
  2194 | D:3      | Reached skill level 3 in Spellcasting
  2362 | Sewer    | Entered a sewer
  2377 | Sewer    | Reached skill level 3 in Fighting
  2556 | Sewer    | Noticed a water moccasin
  2566 | Sewer    | Killed a water moccasin
  2567 | Sewer    | Reached skill level 2 in Conjurations
  2567 | Sewer    | Reached XP level 5. HP: 22/54 MP: 1/10
  2743 | D:3      | Reached skill level 4 in Fire Magic
  2919 | D:3      | Reached skill level 4 in Fighting
  2919 | D:3      | Reached XP level 6. HP: 62/62 MP: 0/11
  3565 | D:4      | Noticed Blork the orc
  4540 | D:4      | Killed Blork the orc
  4541 | D:4      | Reached skill level 5 in Fighting
  4541 | D:4      | Reached skill level 4 in Spellcasting
  4541 | D:4      | Reached XP level 7. HP: 32/72 MP: 9/13
  5204 | D:5      | Entered Level 5 of the Dungeon
  5204 | D:5      | Noticed Eustachio
  5360 | D:4      | Reached skill level 5 in Fire Magic
  5906 | D:5      | Found a basalt altar of Yredelemnul.
  5934 | D:5      | Reached skill level 6 in Fighting
  5934 | D:5      | Reached skill level 3 in Conjurations
  6148 | D:5      | HP: 7/75 [something (2)]
  6152 | D:5      | Killed from afar by an orc priest

Vanquished Creatures
  A water moccasin (Sewer)
  An ogre (D:4)
  Blork the orc (D:4)
  3 howler monkeys
  2 orc priests
  A hound (D:4)
  5 iguanas
  An orc wizard (D:3)
  6 adders
  An ufetubus (D:5)
  2 worms
  A dart slug (D:4)
  9 orcs
  10 ball pythons
  8 bats
  An endoplasm (D:1)
  8 giant cockroaches
  11 goblins
  7 hobgoblins
  13 jackals
  5 quokkas
  5 frilled lizards
  6 kobolds
  8 rats
116 creatures vanquished.

Vanquished Creatures (collateral kills)
  A foxfire (D:3)
1 creature vanquished.

Vanquished Creatures (others)
  340 foxfires
340 creatures vanquished.

Grand Total: 457 creatures vanquished

Table legend: (Time is in decaauts)
 A = Elapsed time spent in this place.
 B = Non-inter-level travel time spent in this place.
 C = Inter-level travel time spent in this place.
 D = Time resting spent in this place.
 E = Time spent auto-exploring this place.
 F = Levels seen in this place.
 G = Mean time per level.
                   A        B        C        D        E       F      G
               +--------+--------+--------+--------+--------+-----+--------+
         Total |   6138 |   5861 |    277 |   1647 |   3246 |   6 | 1023.0 |
       Dungeon |   5775 |   5498 |    277 |   1403 |   3177 |   5 | 1155.0 |
         Sewer |    362 |    362 |      0 |    244 |     69 |   1 |  362.0 |
               +--------+--------+--------+--------+--------+-----+--------+

Top non-repeatable levels by time:
     D:4: 1683 daAuts
     D:3: 1333 daAuts
     D:2: 1141 daAuts
     D:1: 1033 daAuts
     D:5: 583 daAuts
   Sewer: 362 daAuts

Table legend:
 A = Non-vault XP
 B = Vault XP
 C = Vault XP percentage of total XP
 D = Non-vault monster count
 E = Vault monster count
 F = Vault count percentage of total count
                 A         B        C        D         E       F
            +---------+---------+-------+---------+---------+-------
      Total |     853 |     286 |  25.1 |     102 |      14 |  12.1
            +---------+---------+-------+---------+---------+-------
        D:1 |      39 |       0 |   0.0 |      25 |       0 |   0.0
        D:2 |      46 |       3 |   6.1 |      17 |       2 |  10.5
        D:3 |     115 |      30 |  20.7 |      28 |       5 |  15.2
        D:4 |     418 |     103 |  19.8 |      24 |       2 |   7.7
        D:5 |     235 |       0 |   0.0 |       8 |       0 |   0.0
      Sewer |       0 |     150 | 100.0 |       0 |       5 | 100.0
            +---------+---------+-------+---------+---------+-------
